 Dungeon Crawl Stone Soup version 0.31.0-32-g396128a36d (webtiles) character file.

Game seed: 13451612412469553006

2691766 MrCrawl the Fire Dragon (level 27, 228/228 (245) HPs)
             Began as a Red Draconian Fire Elementalist on Mar 27, 2024.
             Was the Champion of Vehumet.
             Escaped with the Orb
             ... and 5 runes on Apr 3, 2024!
             The game lasted 03:45:44 (93625 turns).

MrCrawl the Fire Dragon (DrFE)                     Turns: 93625, Time: 03:45:44

HP:   228/228 (245) AC: 22    Str: 16    XL:     27
MP:   46/46         EV: 11    Int: 34    God:    Vehumet [******]
Gold: 11343         SH: 17    Dex: 18    Spells: 25/76 levels left

rFire   + + .        w - +6 long sword of Departure {flame, ^Drain rN+++ Will+ Int+3}
rCold   x x .        S - +5 Storm Queen's Shield {shock, Fly rElec}
rNeg    + + +        (body armour unavailable)
rPois   .            j - +0 hat of the Ecumenical Temple {*Corrode +Blink Will++ Regen+}
rElec   +            r - +2 cloak of the Game of Kings {rC- Regen+ Str+3 Dex+6}
rCorr   +            k - +2 pair of gloves {hurl}
SInv    .            q - +2 pair of boots {rampage}
Will    +++++        O - amulet of Vitality {RegenMP++ Regen++}
Stlth   +            s - ring "Otaong" {Fire Int+2}
HPRegen 3.78/turn    U - ring "Doiw" {^Drain rCorr Int+4}
MPRegen 1.10/turn

%: random rage (3%), corrode self (3%), rampage
@: flying, studying Conjurations, drained
A: breathe fire, AC +13, unfitting armour, fire resistance 1, cold-blooded,
berserk 1, dopey 1, frail 1, low MP 1, MP-powered wands, devolution 1
0: Orb of Zot
}: 5/15 runes: decaying, serpentine, slimy, silver, golden
a: Breathe Fire, Renounce Religion, Evoke Blink


You escaped.
You worshipped Vehumet.
Vehumet was exalted by your worship.
You visited 16 branches of the dungeon, and saw 63 of its levels.
You visited the Abyss 1 time.
You also visited: Trove, Gauntlet, Ice Cave and Desolation.

You collected 15833 gold pieces.
You spent 4490 gold pieces at shops.

Inventory:

Hand Weapons
 w - the +6 long sword of Departure (weapon) {flame, ^Drain rN+++ Will+ Int+3}
   (You found it on level 5 of the Pits of Slime)

   Int+3:     It affects your intelligence (+3).
   rN+++:     It renders you almost immune to negative energy.
   Will+:     It increases your willpower.
   ^Drain:    It drains your maximum health when unequipped.
 I - the +6 Majin-Bo {spellvamp, MP+6 Int+6}
   (You acquired it on level 2 of the Elven Halls)

   Int+6:     It affects your intelligence (+6).
   MP+6:      It affects your magic capacity (+6).
 T - the +8 lance "Wyrmbane" {slay drac, rPois rF+ rC+ AC+3}
   (You found it in a Gauntlet)

   AC+3:      It affects your AC (+3).
   rF+:       It protects you from fire.
   rC+:       It protects you from cold.
   rPois:     It protects you from poison
Missiles
 y - 8 throwing nets
 P - 9 curare-tipped darts
Armour
 j - the +0 hat of the Ecumenical Temple (worn) {*Corrode +Blink Will++ Regen+}
   (You acquired it on level 2 of the Elven Halls)

   Will++:    It greatly increases your willpower.
   +Blink:    It lets you blink.
   Regen+:    It increases your rate of health regeneration.
   *Corrode:  It may corrode you when you take damage.
 k - a +2 pair of gloves of hurling (worn)
 q - a +2 pair of boots of rampaging (worn)
 r - the +2 cloak of the Game of Kings (worn) {rC- Regen+ Str+3 Dex+6}
   (You acquired it on level 1 of the Snake Pit)

   Str+3:     It affects your strength (+3).
   Dex+6:     It affects your dexterity (+6).
   rC-:       It makes you vulnerable to cold.
   Regen+:    It increases your rate of health regeneration.
 L - the +0 mask of the Dragon {Will+ Slay+3 SInv}
   (You found it on level 2 of the Swamp)

   Slay+3:    It affects your accuracy & damage with ranged weapons and melee
   (+3).
   Will+:     It increases your willpower.
   SInv:      It lets you see invisible.
 S - the +5 Storm Queen's Shield (worn) {shock, Fly rElec}
   (You found it on level 5 of the Lair of Beasts)

   Shock:     When it blocks an attack, it may electrocute the attacker.
   This works even against foes who are a short distance away.
   rElec:     It insulates you from electricity.
   Fly:       It grants you flight.
Magical Staves
 G - a staff of conjuration
 X - a staff of fire
Jewellery
 s - the ring "Otaong" (left hand) {Fire Int+2}
   (You found it in a treasure trove)

   [ring of fire]

   Fire:      It enhances your fire magic.
   Int+2:     It affects your intelligence (+2).
   rF+:       It protects you from fire.
   rC-:       It makes you vulnerable to cold.
 B - the ring of Bextavaf {^Drain +Blink rElec rCorr}
   (You found it in the Desolation of Salt)

   [ring of resist corrosion]

   rElec:     It insulates you from electricity.
   +Blink:    It lets you blink.
   rCorr:     It protects you from acid and corrosion.
   ^Drain:    It drains your maximum health when unequipped.
 F - the ring of the Hare {EV+10}
   (You found it on level 5 of the Realm of Zot)

   [ring of evasion]

   EV+10:     It affects your evasion (+10).
 K - the ring "Cerippau" {rPois MP+9 Int+6 Dex-5}
   (You found it on level 3 of the Depths)

   [ring of intelligence]

   Int+6:     It affects your intelligence (+6).
   Dex-5:     It affects your dexterity (-5).
   rPois:     It protects you from poison MP+9: It affects your magic capacity
   (+9).
 O - the amulet of Vitality (around neck) {RegenMP++ Regen++}
   (You found it in a treasure trove)

   [amulet of magic regeneration]

   RegenMP:   It increases your rate of magic regeneration.
   Regen++:   It increases your rate of health regeneration.
 Q - the amulet of Wuurav {Reflect rPois rC+++ Int+5 Slay-6 SH+5}
   (You found it in a treasure trove)

   [amulet of reflection]

   Reflect:   It reflects blocked missile attacks.
   Int+5:     It affects your intelligence (+5).
   Slay-6:    It affects your accuracy & damage with ranged weapons and melee
   (-6).
   rC+++:     It renders you almost immune to cold.
   rPois:     It protects you from poison SH+5: It affects your SH (+5).
 U - the ring "Doiw" (right hand) {^Drain rCorr Int+4}
   (You found it in a treasure trove)

   [ring of resist corrosion]

   Int+4:     It affects your intelligence (+4).
   rCorr:     It protects you from acid and corrosion.
   ^Drain:    It drains your maximum health when unequipped.
Wands
 z - a wand of quicksilver (67)
 J - a wand of iceblast (76)
 M - a wand of mindburst (43)
 V - a wand of paralysis (84)
 Z - a wand of digging (9)
Scrolls
 b - 5 scrolls of enchant weapon
 d - 11 scrolls of fear
 e - 27 scrolls of teleportation
 g - 11 scrolls of poison
 l - 12 scrolls of revelation
 n - 10 scrolls of brand weapon
 o - 13 scrolls of amnesia
 t - 12 scrolls of immolation
 H - 6 scrolls of butterflies
 N - 12 scrolls of fog
Potions
 a - a potion of magic
 c - 26 potions of curing
 f - 15 potions of heal wounds
 h - 10 potions of resistance
 m - 6 potions of enlightenment
 u - 8 potions of haste
 v - 6 potions of cancellation
 x - 10 potions of brilliance
 R - 3 potions of invisibility
 Y - 5 potions of ambrosia
Miscellaneous
 i - a lightning rod (4/4)
 p - the horn of Geryon
 A - a tin of tremorstones (2/2)
 D - a phantom mirror
 E - a phial of floods
 W - a figurine of a ziggurat


   Skills:
 O Level 27 Fighting
 + Level 18.7 Staves
 - Level 2.0 Dodging
 - Level 2.0 Stealth
 + Level 10.1 Shields
 + Level 25.1 Spellcasting
 + Level 25.5 Conjurations
 O Level 27 Fire Magic
 - Level 7.0 Alchemy
 - Level 17.0 Evocations


You had 25 spell levels left.
You knew the following spells:

 Your Spells              Type           Power      Damage    Failure   Level
a - Foxfire               Conj/Fire      100%       2x1d9     0%          1
b - Scorch                Fire           100%       2d9       0%          2
c - Inner Flame           Hex/Fire       100%       N/A       0%          3
d - Flame Wave            Conj/Fire      100%       2d21      0%          4
e - Searing Ray           Conj           100%       2d8       0%          2
f - Ignition              Fire           74%        3d19      1%          8
g - Irradiate             Conj/Alch      50%        3d28      1%          5
h - Iskenderun's Battles  Conj           100%       2d15      0%          5
i - Yara's Violent Unrav  Hex/Alch       30%        3d13      2%          5
j - Fire Storm            Conj/Fire      73%        8d18      1%          9
k - Orb of Destruction    Conj           60%        9d15      1%          7

Your spell library contained the following spells:

 Spells                   Type           Power      Damage    Failure   Level
 Chain Lightning          Conj/Air       46%        3d61      82%         9
 Kiss of Death            Conj/Necr      100%       2d13      0%          1
 Magic Dart               Conj           100%       1d8       0%          1
 Shock                    Conj/Air       100%       1d9       0%          1
 Sting                    Conj/Alch      100%       1d9       0%          1
 Momentum Strike          Conj/Tloc      100%       3d10      0%          2
 Static Discharge         Conj/Air       100%       3-8/arc   0%          2
 Dazzling Flash           Conj/Hex       100%       N/A       0%          3
 Hailstorm                Conj/Ice       92%        3d15      0%          3
 Stone Arrow              Conj/Erth      100%       3d13      0%          3
 Volatile Blastmotes      Fire/Tloc      100%       2d18      0%          3
 Fulminant Prism          Conj/Alch      50%        3d23      0%          4
 Ignite Poison            Fire/Alch      100%       N/A       0%          4
 Fireball                 Conj/Fire      73%        3d27      0%          5
 Starburst                Conj/Fire      73%        6d19      0%          6
 Apportation              Tloc           84%        N/A       1%          1
 Freeze                   Ice            100%       1d10      1%          1
 Sandblast                Erth           84%        2d18      1%          1
 Slow                     Hex            100%       N/A       1%          1
 Summon Small Mammal      Summ           100%       N/A       1%          1
 Blink                    Tloc           84%        N/A       1%          2
 Cigotuvi's Dreadful Rot  Necr/Alch/Air  100%       N/A       1%          2
 Ensorcelled Hibernation  Hex/Ice        84%        N/A       1%          2
 Jinxbite                 Hex            84%        N/A       1%          2
 Lesser Beckoning         Tloc           84%        N/A       1%          2
 Mercury Vapours          Alch/Air       100%       N/A       1%          2
 Sublimation of Blood     Necr           42%        N/A       1%          2
 Frozen Ramparts          Ice            84%        1d13      1%          3
 Mephitic Cloud           Conj/Alch/Air  86%        N/A       1%          3
 Brom's Barrelling Bould  Conj/Erth      92%        2d10      1%          4
 Olgreb's Toxic Radiance  Alch           74%        N/A       1%          4
 Summon Blazeheart Golem  Fire/Summ      100%       N/A       1%          4
 Alistair's Intoxication  Alch           49%        N/A       1%          5
 Freezing Cloud           Conj/Ice/Air   39%        6-21      1%          5
 Bombard                  Conj/Erth      46%        9d8       1%          6
 Conjure Ball Lightning   Conj/Air       46%        3x3d16    1%          6
 Leda's Liquefaction      Alch/Erth      30%        N/A       2%          4
 Petrify                  Alch/Erth      61%        N/A       2%          4
 Eringya's Noxious Bog    Alch           37%        4d6       2%          6
 Call Canine Familiar     Summ           42%        N/A       3%          3
 Confusing Touch          Hex            42%        N/A       3%          3
 Fugue of the Fallen      Necr           42%        N/A       3%          3
 Gell's Gravitas          Tloc           42%        N/A       3%          3
 Passwall                 Erth           42%        N/A       3%          3
 Sigil of Binding         Hex            42%        N/A       3%          3
 Swiftness                Air            42%        N/A       3%          3
 Teleport Other           Tloc           42%        N/A       3%          3
 Tukima's Dance           Hex            42%        N/A       3%          3
 Vampiric Draining        Necr           42%        2d9       3%          3
 Airstrike                Air            21%        2d(3-19)  3%          4
 Lee's Rapid Deconstruct  Erth           21%        3d12*     9%          5
 Lehudib's Crystal Spear  Conj/Erth      46%        10d11     11%         8
 Anguish                  Hex/Necr       21%        N/A       12%         4
 Animate Dead             Necr           42%        N/A       12%         4
 Cause Fear               Hex            21%        N/A       12%         4
 Dispel Undead            Necr           42%        3d17      12%         4
 Manifold Assault         Tloc           42%        N/A       12%         4
 Passage of Golubria      Tloc           42%        N/A       12%         4
 Summon Lightning Spire   Summ/Air       42%        N/A       12%         4
 Borgnjor's Vile Clutch   Necr/Erth      21%        N/A       32%         5
 Curse of Agony           Necr           42%        N/A       32%         5
 Metabolic Englaciation   Hex/Ice        21%        N/A       32%         5
 Silence                  Hex/Air        21%        N/A       32%         5
 Summon Forest            Summ/Tloc      21%        N/A       32%         5
 Summon Mana Viper        Hex/Summ       42%        N/A       32%         5
 Death Channel            Necr           21%        N/A       88%         6
 Dispersal                Tloc           21%        N/A       88%         6
 Summon Cactus Giant      Summ           21%        N/A       88%         6
 Ozocubu's Refrigeration  Ice            21%        4d12      91%         7
 Enfeeble                 Hex            21%        N/A       100%        7
 Haunt                    Necr/Summ      21%        N/A       100%        7
 Malign Gateway           Summ/Tloc      21%        N/A       100%        7
 Summon Hydra             Summ           21%        N/A       100%        7
 Borgnjor's Revivificati  Necr           21%        N/A       100%        8
 Disjunction              Tloc           21%        N/A       100%        8
 Maxwell's Capacitive Co  Air            21%        ∞         100%        8
 Summon Horrible Things   Summ           21%        N/A       100%        8
 Death's Door             Necr           21%        N/A       100%        9
 Dragon's Call            Summ           21%        N/A       100%        9
 Polar Vortex             Ice            21%        12d2*     100%        9
 Animate Armour           Summ/Erth      Unusable   N/A       N/A         4

Dungeon Overview and Level Annotations

Branches:
Dungeon (15/15)            Temple (1/1) D:7            Lair (5/5) D:11
  Swamp (4/4) Lair:2        Snake (4/4) Lair:3        Slime (5/5) Lair:4
    Orc (2/2) D:10            Elf (3/3) Orc:2        Vaults (5/5) D:13
  Crypt (3/3) Vaults:2       Tomb (3/3) Crypt:3      Depths (4/4) D:15
   Hell (visited)             Dis (0/7) Hell            Geh (0/7) Hell
    Coc (2/7) Hell            Tar (1/7) Hell            Zot (5/5) Depths:4
  IceCv (visited)         Desolation (visited)      Gauntlet (visited)

Altars:
Ashenzari
Cheibriados
Dithmenos
Elyvilon
Fedhas
Gozag
Hepliaklqana
Kikubaaqudgha
Makhleb
Nemelex Xobeh
Okawaru
Qazlal
Ru
Sif Muna
Trog
Uskayaw
Vehumet
Wu Jian
Xom
Yredelemnul
Zin
The Shining One
Jiyva

Shops:
D:14 *   Orc:1 :   Orc:2 [=([   Elf:1 =   Elf:3 (   Snake:2 [!(   Snake:3 ([
Vaults:1 *   Vaults:3 ([*   Vaults:4 [   Depths:2 ?

Portals:
Hell: Depths:1 Depths:2 Depths:3 Depths:4
Abyss: Depths:1 Depths:3 Depths:4
Pandemonium: Depths:2
Ziggurat: Depths:3

Annotations:
Zot:4 1 runed translucent door, Heisao's ghost, legendary TrBe


Innate Abilities, Weirdness & Mutations

You can breathe blasts of fire.
Your fiery red scales are hard. (AC +13)
You cannot fit into any form of body armour.
Your flesh is heat resistant. (rF+)
You are cold-blooded and may be slowed by cold attacks.
You sometimes lose your temper in combat.
You are dopey. (Int -2)
You are frail. (-10% HP)
Your magical capacity is low. (-10% MP)
You expend magic power (3 MP) to strengthen your wands.
You have hidden genetic defects.


Message History

Aim: a reaper, wielding a +2 scythe of distortion You feel a surge of power!
A raging storm of fire appears!
The great blast of fire engulfs the reaper!!!!
You kill the reaper!
Vehumet accepts your kill.
Unknown command.
There is a stone staircase leading up here.
You fly upwards.
There is a stone staircase leading down here.
A smoke demon comes into view.
There is a stone staircase leading up here.
You fly upwards.
There is a stone staircase leading down here.
There is a stone staircase leading up here.
You fly upwards.
There is a stone staircase leading down here.
An Orb Guardian comes into view.
There is an open door here.
The Orb Guardian moves out of view.
Casting: Fire Storm (mildly dangerous; 1% risk of failure)
Confirm with . or Enter, or press ? or * to list all spells.
Aiming: Fire Storm (mildly dangerous; 1% risk of failure)
Press: ? - help, Dir - move target, f - Orb Guardian
Aim: an Orb Guardian You feel a surge of power!
A raging storm of fire appears!
The great blast of fire engulfs the Orb Guardian!!!!
You kill the Orb Guardian!
Vehumet accepts your kill.
You feel your power returning.
There is an open door here. 3 sun demons come into view.
The sun demon shouts! x2
Casting: Fire Storm (mildly dangerous; 1% risk of failure)
Confirm with . or Enter, or press ? or * to list all spells.
Okay, then.
Unknown command.
Blink to where?
Press: ? - help, Dir - move target
As you read the scroll of blinking, it crumbles to dust.
You have escaped!

.....##.#.##..........##
.>....#.#.#...........#
......#.#....≈≈≈.≈≈≈..##
......#.#...≈≈.....≈≈..##
......#.#..≈≈.♣..8..≈≈..#
#+###.#.#.≈≈.......♣.≈≈.# #.#
#.#.#.≈.....♣.....≈.#########
#.###.....≈..8.....♣..≈....##....
#....##...≈≈.♣..@.8..≈≈..#.#..#..
...........≈≈....♣..≈≈..##....#..
#######.....≈≈.....≈≈..#...##.#)#
..##.........≈≈≈≈≈≈≈.....####....
..##.#####.............########.#
..##'##..#.......................
..................#############.#
.........#.##..^..#### #.#
.......###.#.........# #.#


There were no monsters in sight!

Vanquished Creatures
  the Royal Jelly (Slime:5)
  3 dread liches (Zot:5)
  7 orbs of fire (Zot:5)
  11 ancient liches
  A juggernaut (Depths:4)
  Sojobo (Vaults:3)
  30 royal mummies
  The ghost of Osipn the Impregnable, a veteran MiGl of Hepliaklqana (Crypt:2)
  5 Killer Klowns (Zot:5)
  The ghost of OdinFK the Slayer, a veteran AtBe of Trog (Elf:3)
  the Lernaean hydra (Swamp:4)
  Bai Suzhen (Swamp:4)
  5 curse toes
  A caustic shrike (Depths:4)
  Margery (Vaults:2)
  Geryon (Hell)
  Nikola (Snake:3)
  10 golden dragons
  A bone dragon (Crypt:3)
  A profane servitor (Crypt:3)
  4 electric golems
  A Tzitzimitl (D:12)
  A hellephant (Hell)
  Jorgrun (Elf:2)
  Mlioglotl (Snake:2)
  Zenata (Vaults:2)
  A walking crystal tome (Depths:3)
  3 deep elf blademasters
  17 tentacled monstrosities
  2 walking earthen tomes
  A searing wretch (Vaults:2)
  A walking divine tome (Depths:3)
  A shard shrike skeleton (Hell)
  7 liches
  The ghost of Geohix the Spry, an adept KoDe of Ashenzari (Vaults:2)
  24 Orb Guardians
  6 titans
  A walking frostbound tome (Depths:3)
  2 deep elf master archers (Elf:3)
  Asterion (Elf:2)
  Murray (Depths:2)
  8 sphinxes
  5 quicksilver dragons
  24 acid blobs
  2 tentacled starspawn (Abyss:3)
  Frances (Swamp:1)
  7 death cobs
  12 ancient champions
  A thorn hunter (Swamp:4)
  7 tengu reavers
  8 shadow dragons
  Agnes (D:15)
  12 rockslimes
  11 storm dragons
  13 azure jellies
  Donald (Vaults:2)
  4 nagarajas
  A nargun (Coc:2)
  5 iron dragons
  4 revenants
  Aizul (Snake:1)
  5 draconian monks
  5 frost giants
  11 fire giants
  2 deep elf sorcerers
  15 vault wardens
  2 deep elf elementalists (Elf:3)
  5 draconian knights
  4 draconian scorchers
  A balrug (Hell)
  6 draconian shifters
  2 ghost moths
  2 orc warlords
  3 imperial myrmidons (Desolation)
  2 caustic shrike zombies
  2 shard shrike simulacra
  The ghost of Nogual the Markstengu, an adept TeHu of Hepliaklqana (Elf:2)
  9 draconian annihilators
  2 juggernaut zombies
  9 ghouls
  5 reapers
  A cacodemon (Hell)
  2 draconian stormcallers
  9 quicksilver oozes
  2 spriggan defenders (Depths:4)
  3 formless jellyfish
  12 vampire knights
  16 ironbound preservers
  8 ironbound thunderhulks
  16 stone giants
  4 bennus (Tomb:3)
  4 eleionomae
  16 very ugly things
  6 green draconians
  Nessos (Lair:4)
  10 black draconians
  2 elemental wellsprings (Coc:2)
  A minotaur (Gauntlet)
  11 deep elf annihilators
  3 lorocyprocas
  8 purple draconians
  2 halazid warlocks (Desolation)
  14 deep elf demonologists
  11 deep elf death magi
  7 red draconians
  20 yellow draconians
  7 white draconians
  9 spark wasps
  26 dire elephants
  2 wendigos (Coc:1)
  Azrael (Elf:2)
  5 war gargoyles
  29 mummy priests
  5 bunyips
  5 crystal guardians
  14 eidola
  10 ettins
  A quicksilver dragon zombie (Crypt:3)
  3 shambling mangroves
  A blizzard demon (Depths:2)
  A merfolk javelineer (Depths:2)
  Josephine (D:15)
  6 jiangshi
  4 deep elf high priests
  5 fire dragons
  10 yaktaur captains
  Erolcha (Orc:2)
  4 ragged hierophants (Desolation)
  4 salamander tyrants
  Fannar (D:10)
  7 entropy weavers
  6 great orbs of eyes
  10 ice dragons
  8 rakshasas
  30 vault guards
  14 peacekeepers
  9 servants of whispers (Desolation)
  3 caustic shrike simulacra (Coc:1)
  8 ogre magi
  12 hydras
  11 ironbound frosthearts
  Harold (D:11)
  3 catoblepae
  The ghost of Nogual the Mimic, a journeyman DsSh of Nemelex Xobeh (D:10)
  3 spriggan air magi
  Erica (D:8)
  5 death knights
  7 anacondas
  A hell beast (Depths:2)
  18 two-headed ogres
  7 centaur warriors
  7 alligators
  5 boulder beetles
  15 naga warriors
  3 deep troll shamans
  31 dancing weapons
  5 tengu warriors
  57 death scarabs
  3 titan zombies
  3 occultists (Depths:4)
  2 orc high priests
  9 death yaks (Lair:5)
  A sphinx skeleton (Depths:2)
  10 deep troll earth magi
  9 vampire magi
  6 spriggan berserkers
  21 naga sharpshooters
  A demonic crawler (Hell)
  8 hell hogs
  11 hell knights
  Urug (D:10)
  2 storm dragon zombies (Crypt:3)
  18 deep elf knights
  10 sun demons
  4 thrashing horrors (Abyss:3)
  4 salamander mystics
  5 shock serpents
  8 soul eaters
  A shadow wraith (Hell)
  A bunyip zombie (Crypt:1)
  43 skeletal warriors
  A wretched star (Abyss:3)
  4 iron trolls (Depths:2)
  A golden dragon zombie (Depths:3)
  2 sixfirhies
  4 goliath frogs
  A shining eye (shapeshifter) (Vaults:5)
  5 anaconda zombies
  A sea snake (shapeshifter) (Depths:3)
  A sea snake (Snake:1)
  A skyshark (shapeshifter) (Depths:4)
  4 spriggan druids
  21 deep trolls
  A spark wasp zombie (D:15)
  A quicksilver dragon simulacrum (Coc:2)
  2 shadow demons (Zot:2)
  13 flayed ghosts
  A bog body (Swamp:3)
  8 glowing orange brains
  5 arcanists
  3 lindwurms
  12 swamp dragons
  8 mana vipers
  2 bunyip skeletons
  9 deep elf archers
  9 orc knights
  39 phantasmal warriors
  19 ironbound convokers
  12 naga ritualists
  A shadow dragon zombie (Crypt:3)
  37 deep elf pyromancers
  5 shining eyes
  A lightning spire (Gauntlet)
  13 necromancers
  A wolf spider (D:15)
  A wolf spider zombie (Crypt:2)
  Maurice (Orc:2)
  A tengu skeleton (Depths:3)
  An orc sorcerer (Orc:1)
  A stone giant zombie (Crypt:3)
  24 deep elf zephyrmancers
  An eleionoma zombie (Crypt:1)
  19 moths of wrath
  9 salamanders
  3 manticores
  A worldbinder (Abyss:3)
  A fire giant zombie (Depths:1)
  50 ugly things
  An alligator skeleton (Hell)
  17 elephants
  4 large abominations (Abyss:3)
  A frost giant zombie (Depths:1)
  3 oklob plants
  7 cyclopes
  2 kobold blastminers (Orc:1)
  An elephant (shapeshifter) (Vaults:5)
  16 vault sentinels
  7 molten gargoyles
  5 guardian serpents (Desolation)
  9 rust devils
  8 apocalypse crabs (Depths:2)
  7 cane toads
  2 ice statues
  10 naga magi
  A dire elephant zombie (Crypt:1)
  31 black mambas
  6 smoke demons
  Joseph (D:8)
  2 frost giant skeletons
  2 naga zombies
  An orange demon (Hell)
  2 eyes of devastation
  A water nymph (shapeshifter) (Depths:4)
  A cane toad (shapeshifter) (D:15)
  2 torpor snails (Lair:5)
  A torpor snail (shapeshifter) (Depths:4)
  Jeremiah (D:7)
  A gargoyle (D:12)
  3 stone giant skeletons
  3 unseen horrors
  2 kobold demonologists
  A hellion (Coc:1)
  A centaur skeleton (Hell)
  32 yaktaurs
  3 naga skeletons
  3 rime drakes
  An efreet (D:13)
  A redback zombie (Crypt:2)
  An ancient zyme (Abyss:3)
  An alligator snapping turtle skeleton (Tomb:1)
  5 komodo dragons
  3 bunyip simulacra
  A tengu conjurer (Depths:1)
  5 anaconda simulacra
  12 ice devils (IceCv)
  48 guardian mummies
  An iron giant simulacrum (Coc:1)
  14 freezing wraiths
  3 harpy zombies
  A red devil (D:4)
  A white draconian skeleton (Crypt:2)
  A hellwing (Depths:1)
  5 trolls
  16 hornets
  3 polar bears (Lair:5)
  3 raiju
  4 bloated husks
  A glass eye (Slime:3)
  A harpy skeleton (Hell)
  2 shadow dragon simulacra
  3 tarantellas
  A death drake skeleton (Crypt:1)
  60 saltlings (Desolation)
  6 tyrant leeches
  4 dream sheep (Lair:3)
  5 spriggan zombies
  2 hydra skeletons
  4 blink frogs (Lair:5)
  115 slime creatures
  A jumping spider (shapeshifter) (Depths:4)
  2 stone giant simulacra
  2 ettin skeletons (Crypt:2)
  3 air elementals
  7 centaur simulacra
  14 spriggans
  4 spriggan skeletons
  2 shadows
  2 jumping spiders
  7 water elementals
  2 vampires
  5 wyverns
  A ynoxinul (Abyss:3)
  15 wraiths
  47 yaks
  4 basilisks
  26 ushabtiu
  A fire bat (shapeshifter) (Depths:3)
  3 wargs
  Grum (Lair:1)
  8 fire elementals
  A redback simulacrum (D:15)
  6 redbacks
  A chaos spawn (Abyss:3)
  A death yak simulacrum (IceCv)
  16 vampire mosquitoes
  A steam dragon (Lair:3)
  2 swamp worms (shapeshifter)
  20 swamp worms
  A faun zombie (Crypt:1)
  A skyshark zombie (Crypt:1)
  5 acid dragons
  23 nagas
  4 harpy simulacra
  A hydra simulacrum (Coc:1)
  7 hell hounds
  Pargi (D:3)
  18 water moccasins
  An ice beast (D:7)
  16 orc warriors
  2 glowing shapeshifter skeletons
  5 black bears
  7 swamp drakes
  3 ettin simulacra
  A black mamba simulacrum (Coc:1)
  47 wolves
  7 boggarts
  9 laughing skulls
  2 ice dragon simulacra (Coc:1)
  6 centaurs
  28 ogres
  5 phantoms
  A kobold brigand (D:12)
  4 bullfrogs
  18 necrophages
  2 gnoll sergeants (D:10)
  4 scorpions
  A naga simulacrum (Coc:1)
  3 cane toad simulacra
  3 earth elementals
  A two-headed ogre simulacrum (IceCv)
  5 wyvern skeletons (Crypt:3)
  11 wights
  A cyclops skeleton (Crypt:2)
  16 killer bees
  9 elephant simulacra (IceCv)
  6 howler monkeys
  4 electric eels
  6 lava snakes
  19 jellies
  A starcursed mass (Abyss:3)
  14 orc priests
  2 gnoll boudas
  8 iguanas
  22 orc wizards
  5 hell rats (Lair:2)
  4 polar bear simulacra (IceCv)
  A troll simulacrum (IceCv)
  4 wolf simulacra (IceCv)
  2 spriggan simulacra (IceCv)
  51 mummies
  14 gnolls
  5 adders
  2 swamp drake zombies
  2 shadow imps
  3 white imps
  2 ufetubi (D:5)
  A ribbon worm (D:2)
  2 dart slugs
  68 orcs
  9 endoplasms
  7 giant cockroaches
  9 goblins
  4 hobgoblins
  14 kobolds
  6 quokkas
  8 ball pythons
  7 bats
  5 rats
  A fire vortex (Zot:5)
  6 foxfires
  A lurking horror (Abyss:3)
  4 starspawn tentacles (Abyss:3)
2905 creatures vanquished.

Vanquished Creatures (collateral kills)
  2 royal mummies (Tomb:1)
  A golden dragon (Zot:4)
  2 Orb Guardians (Zot:5)
  A quicksilver dragon (Zot:5)
  2 acid blobs
  An azure jelly (Slime:1)
  A draconian monk (Zot:1)
  2 vault wardens
  2 ghouls (Crypt:3)
  2 draconian annihilators
  An ironbound thunderhulk (Vaults:3)
  An orc warlord (Vaults:4)
  A formless jellyfish (Slime:2)
  A very ugly thing (Depths:1)
  A vampire knight (Depths:4)
  A war gargoyle (Vaults:4)
  3 purple draconians
  A black draconian (Zot:5)
  A red draconian (Zot:2)
  2 dire elephants (Vaults:2)
  A yellow draconian (Zot:1)
  An ettin (Vaults:5)
  A fire dragon (Zot:1)
  An eidolon (Crypt:3)
  An ice dragon (Depths:1)
  A servant of whispers (Desolation)
  3 death scarabs (Tomb:3)
  A deep troll shaman (Depths:2)
  A shadow wraith (Hell)
  A flayed ghost (Crypt:1)
  A bunyip skeleton (Crypt:2)
  An ironbound convoker (Vaults:5)
  4 ugly things
  A faun (shapeshifter) (Depths:4)
  A dire elephant zombie (Crypt:1)
  A naga zombie (Tomb:2)
  A slime creature (Slime:5)
  An eye of devastation (Slime:2)
  An alligator snapping turtle skeleton (Tomb:1)
  A harpy zombie (Crypt:3)
  3 saltlings (Desolation)
  A glass eye (Slime:3)
  A glowing shapeshifter zombie (Depths:3)
  A boggart (Vaults:1)
  A necrophage (Crypt:1)
  3 jellies (Zot:1)
  16 mummies
  A bat zombie (Crypt:2)
  7 foxfires
88 creatures vanquished.

Vanquished Creatures (others)
  A tentacled monstrosity (Zot:2)
  A fire giant (Depths:4)
  A ragged hierophant (Desolation)
  An iron giant simulacrum (Coc:1)
  A bloated husk (Swamp:3)
  801 fire vortices
  2201 foxfires
  2 starspawn tentacles (Abyss:3)
3009 creatures vanquished.

Grand Total: 6002 creatures vanquished

Notes
Turn   | Place    | Note
-------+----------+-------------------------------------------
     0 | D:1      | MrCrawl the Draconian Fire Elementalist began the quest for
                  | the Orb.
     0 | D:1      | Reached XP level 1. HP: 14/14 MP: 3/3
   566 | D:1      | Reached XP level 2. HP: 20/20 MP: 1/5
  1726 | D:2      | Reached XP level 3. HP: 26/26 MP: 3/6
  3022 | D:3      | Noticed a phantom
  3033 | D:3      | Killed a phantom
  3034 | D:3      | Reached XP level 4. HP: 33/33 MP: 1/8
  3200 | D:3      | Found a glowing silver altar of Zin.
  3272 | D:3      | Noticed Pargi
  3388 | D:3      | Killed Pargi
  3389 | D:3      | Reached XP level 5. HP: 31/38 MP: 1/10
  4028 | D:4      | Noticed a black bear
  4042 | D:3      | Reached XP level 6. HP: 45/45 MP: 6/11
  4264 | D:3      | Learned a level 2 spell: Scorch
  4268 | D:3      | Learned a level 3 spell: Inner Flame
  4273 | D:3      | Learned a level 4 spell: Flame Wave
  4534 | D:3      | Reached skill level 5 in Fire Magic
  4576 | D:3      | Your scales start taking on a fiery red colour.
  4576 | D:3      | Reached XP level 7. HP: 38/50 MP: 4/13
  4576 | D:3      | Gained mutation: Your flesh is heat resistant. (rF+) [Red
                  | Draconian growth]
  4868 | D:4      | Reached skill level 1 in Fighting
  5682 | D:5      | Entered Level 5 of the Dungeon
  6064 | D:5      | Reached XP level 8. HP: 61/61 MP: 9/15
  6124 | D:5      | Reached skill level 5 in Spellcasting
  6415 | D:5      | Found an ornate altar of the Wu Jian Council.
  6648 | D:5      | Reached skill level 5 in Conjurations
  7680 | D:6      | Found a burning altar of Makhleb.
  7680 | D:6      | Noticed a blizzard demon
  8504 | D:7      | Reached XP level 9. HP: 71/71 MP: 4/17
  8832 | D:8      | Noticed a two-headed ogre
  8840 | D:8      | Killed a two-headed ogre
  8841 | D:8      | Reached skill level 5 in Fighting
  8841 | D:8      | Reached skill level 10 in Fire Magic
  8902 | D:8      | Noticed Joseph
  8927 | D:8      | Killed Joseph
  9096 | D:8      | Noticed Erica
  9105 | D:8      | Killed Erica
  9106 | D:8      | Reached XP level 10. HP: 31/83 MP: 6/20
  9972 | D:8      | Reached skill level 1 in Staves
  9976 | D:8      | Reached skill level 1 in Evocations
 10497 | D:7      | Noticed Jeremiah
 10502 | D:7      | Killed Jeremiah
 10868 | D:7      | Found a staircase to the Ecumenical Temple.
 11272 | Temple   | Entered the Ecumenical Temple
 11293 | Temple   | Became a worshipper of Vehumet
 11633 | D:9      | Reached * piety under Vehumet
 11633 | D:9      | Offered knowledge of Sting by Vehumet.
 12157 | D:9      | Noticed a two-headed ogre
 12163 | D:9      | Killed a two-headed ogre
 12164 | D:9      | Reached XP level 11. HP: 64/92 MP: 10/22
 12581 | D:10     | Entered Level 10 of the Dungeon
 12786 | D:10     | Found a staircase to the Orcish Mines.
 12992 | D:10     | Noticed Fannar
 13005 | D:10     | Killed Fannar
 13005 | D:10     | Reached ** piety under Vehumet
 13005 | D:10     | Offered knowledge of Searing Ray by Vehumet.
 13009 | D:10     | Learned a level 2 spell: Searing Ray
 13016 | D:10     | Learned a level 6 spell: Starburst
 13022 | D:10     | Learned a level 5 spell: Irradiate
 13104 | D:10     | Noticed a two-headed ogre
 13110 | D:10     | Killed a two-headed ogre
 13148 | D:10     | Noticed Urug
 13153 | D:10     | Killed Urug
 13311 | D:10     | Found a runed translucent door.
 13311 | D:10     | Noticed Nogual's ghost (journeyman DsSh)
 13975 | D:10     | Found a shimmering blue altar of Sif Muna.
 14235 | D:10     | Offered knowledge of Mephitic Cloud by Vehumet.
 14364 | D:11     | Reached skill level 5 in Staves
 14468 | D:11     | Reached *** piety under Vehumet
 14651 | D:11     | Found a staircase to the Lair.
 14688 | D:11     | Reached XP level 12. HP: 100/102 MP: 14/24
 14862 | D:11     | Noticed a two-headed ogre
 14869 | D:11     | Killed a two-headed ogre
 14870 | D:11     | Reached skill level 5 in Evocations
 15779 | D:12     | Offered knowledge of Sticky Flame by Vehumet.
 16021 | D:12     | Reached skill level 1 in Alchemy
 16670 | Lair:1   | Entered Level 1 of the Lair of Beasts
 16670 | Lair:1   | Noticed Grum
 16767 | Lair:1   | Reached **** piety under Vehumet
 16771 | Lair:1   | Offered knowledge of Fulminant Prism by Vehumet.
 16773 | Lair:1   | Killed Grum
 16931 | Lair:1   | Noticed Harold
 16949 | D:11     | Killed Harold
 17004 | Lair:1   | Reached skill level 15 in Fire Magic
 18040 | Lair:2   | Reached XP level 13. HP: 109/111 MP: 26/26
 18389 | Lair:2   | Reached ***** piety under Vehumet
 18401 | Lair:2   | Offered knowledge of Ozocubu's Refrigeration by Vehumet.
 18617 | Lair:2   | Found a staircase to the Swamp.
 19380 | Lair:3   | Found a staircase to the Snake Pit.
 20422 | Lair:4   | Found a runed translucent door.
 20972 | Lair:4   | Noticed Nessos
 20979 | Lair:4   | Killed Nessos
 21344 | Lair:4   | Learned a level 8 spell: Ignition
 21554 | Lair:4   | Found a viscous altar of Jiyva.
 21554 | Lair:4   | Found a staircase to the Slime Pits.
 21908 | Lair:4   | Identified the +1 whip "Reluh" {heavy, rC- rCorr Int+2}
 21910 | Lair:4   | Found a runed translucent gate.
 21910 | Lair:4   | Found a runed translucent gate.
 21910 | Lair:4   | Found a runed translucent gate.
 21910 | Lair:4   | Found a runed translucent gate.
 21910 | Lair:4   | Found a runed translucent gate.
 21910 | Lair:4   | Found a runed translucent gate.
 21927 | Lair:4   | Reached skill level 10 in Conjurations
 21931 | Lair:4   | Gained mutation: You have sharp toenails. [mutagenic glow]
 21934 | Lair:4   | Reached skill level 10 in Fighting
 22199 | Lair:5   | Entered Level 5 of the Lair of Beasts
 22199 | Lair:5   | Found the +5 Storm Queen's Shield {shock, Fly rElec}
 22571 | Lair:5   | Identified 2 scrolls of acquirement
 22592 | Lair:5   | Reached XP level 14. HP: 113/121 MP: 23/27
 22866 | Lair:5   | Offered knowledge of Iskenderun's Battlesphere by Vehumet.
 22867 | Lair:5   | Reached skill level 5 in Alchemy
 22873 | Lair:5   | Learned a level 5 spell: Iskenderun's Battlesphere
 23529 | Lair:5   | Reached skill level 1 in Shields
 23698 | Lair:5   | Reached skill level 10 in Spellcasting
 24308 | Lair:5   | Acquired 649 gold pieces
 24310 | Lair:5   | Acquired a staff of fire
 24468 | Orc:1    | Entered Level 1 of the Orcish Mines
 24699 | Orc:1    | Found Biqae's Vocational Training.
 24774 | Orc:1    | Found a frozen archway.
 24780 | IceCv    | Entered an ice cave
 25619 | IceCv    | Offered knowledge of Orb of Destruction by Vehumet.
 25916 | IceCv    | Found an ancient bone altar of Kikubaaqudgha.
 26268 | IceCv    | Identified the ring of Hibliw {rElec rN+ Str+4 Int+3}
 26428 | Orc:1    | Bought a manual of Evocations for 1120 gold pieces
 26676 | Orc:2    | Entered Level 2 of the Orcish Mines
 26677 | Orc:2    | Noticed Maurice
 26688 | Orc:2    | Killed Maurice
 26881 | Orc:2    | Noticed Erolcha
 26891 | Orc:2    | Killed Erolcha
 26892 | Orc:2    | Reached XP level 15. HP: 116/130 MP: 29/29
 26915 | Orc:2    | Paralysed by something for 5 turns
 27203 | Orc:2    | Offered knowledge of Yara's Violent Unravelling by Vehumet.
 27283 | Orc:2    | Learned a level 5 spell: Yara's Violent Unravelling
 27326 | Orc:2    | Found a staircase to the Elven Halls.
 27382 | Orc:2    | Found Yhani's Jewellery Shoppe.
 27382 | Orc:2    | Found Emmud's Antique Armour Shop.
 27383 | Orc:2    | Found Caecaj's Armour Boutique.
 27383 | Orc:2    | Found Weq Ehuf's Weapon Shoppe.
 27716 | D:10     | Killed Nogual's ghost
 27956 | D:13     | Found a gate to the Vaults.
 28012 | D:13     | Found a gate leading to a gauntlet.
 28019 | Gauntlet | Entered a Gauntlet
 28019 | Gauntlet | Found a large runed translucent door.
 28019 | Gauntlet | Found a large runed translucent door.
 28019 | Gauntlet | Found a large runed translucent door.
 28019 | Gauntlet | Found a large runed translucent door.
 28019 | Gauntlet | Found a large runed translucent door.
 28019 | Gauntlet | Found a large runed translucent door.
 28019 | Gauntlet | Found a large runed translucent door.
 28019 | Gauntlet | Found a large runed translucent door.
 28019 | Gauntlet | Found a runed translucent door.
 28019 | Gauntlet | Found a runed translucent gate.
 28019 | Gauntlet | Found a transporter.
 28019 | Gauntlet | Found a transporter.
 28019 | Gauntlet | Found a runed translucent gate.
 28019 | Gauntlet | Found a transporter.
 28032 | Gauntlet | Found a transporter.
 28035 | Gauntlet | Found a transporter.
 28035 | Gauntlet | Found a transporter.
 28045 | Gauntlet | Found a transporter.
 28049 | Gauntlet | Found a transporter.
 28059 | Gauntlet | Found a transporter.
 28133 | Gauntlet | Found a runed translucent door.
 28134 | Gauntlet | Found a large runed translucent door.
 28134 | Gauntlet | Found a large runed translucent door.
 28134 | Gauntlet | Found a large runed translucent door.
 28134 | Gauntlet | Found a large runed translucent door.
 28135 | Gauntlet | Found a large runed translucent door.
 28135 | Gauntlet | Found a large runed translucent door.
 28136 | Gauntlet | Found a large runed translucent door.
 28136 | Gauntlet | Found a large runed translucent door.
 28145 | Gauntlet | Found a runed translucent gate.
 28165 | Gauntlet | Found a transporter.
 28167 | Gauntlet | Found a transporter.
 28175 | Gauntlet | Found a transporter.
 29300 | Gauntlet | Found the +8 lance "Wyrmbane" {slay drac, rPois rF+ rC+
                  | AC+3}
 30563 | D:14     | Found Laptyhit's Fire Supplies.
 30773 | D:14     | Found a portal to a secret trove of treasure.
 30820 | D:14     | Reached skill level 5 in Shields
 31300 | D:15     | Entered Level 15 of the Dungeon
 31490 | D:15     | Reached skill level 10 in Evocations
 31538 | D:15     | Found a staircase to the Depths.
 31966 | D:15     | Noticed Agnes
 31969 | D:15     | Killed Agnes
 31970 | D:15     | Reached XP level 16. HP: 139/139 MP: 14/31
 32582 | D:15     | Noticed Josephine
 32589 | D:15     | Killed Josephine
 33343 | Swamp:1  | Entered Level 1 of the Swamp
 33343 | Swamp:1  | Noticed Frances
 33352 | Swamp:1  | Killed Frances
 33354 | Swamp:1  | Offered knowledge of Arcjolt by Vehumet.
 34957 | Swamp:2  | Found the +0 mask of the Dragon {Will+ Slay+3 SInv}
 36392 | Swamp:3  | Identified the +7 scimitar of Callousness {flame, *Corrode
                  | rElec rC+ Dex+3}
 36548 | Swamp:4  | Entered Level 4 of the Swamp
 36548 | Swamp:4  | Noticed Bai Suzhen
 36562 | Swamp:4  | Killed Bai Suzhen
 37046 | Swamp:4  | Noticed a thorn hunter
 37053 | Swamp:4  | Killed a thorn hunter
 37442 | Swamp:4  | Offered knowledge of Bombard by Vehumet.
 38564 | Swamp:4  | Reached XP level 17. HP: 149/149 MP: 33/33
 38583 | Swamp:4  | Noticed the 27-headed Lernaean hydra
 39085 | Swamp:4  | Killed the 27-headed Lernaean hydra
 40204 | Swamp:4  | Got a decaying rune of Zot
 40406 | Snake:1  | Entered Level 1 of the Snake Pit
 40553 | Snake:1  | Acquired the +2 cloak of the Game of Kings {rC- Regen+
                  | Str+3 Dex+6}
 40584 | Snake:1  | Identified the serpent talisman "Zoac" {rCorr Dex+3 Stlth-}
 40584 | Snake:1  | Noticed Aizul
 40599 | Snake:1  | Killed Aizul
 41228 | Snake:2  | Noticed Mlioglotl
 41232 | Abyss:3  | Cast into level 3 of the Abyss (an occultist)
 41297 | Abyss:3  | Noticed a lich
 41386 | Abyss:3  | Found a corrupted altar of Lugonu.
 41710 | Abyss:3  | HP: 9/180 [lorocyproca (17)]
 41736 | Abyss:3  | HP: 4/150 [thrashing horror (2)]
 41746 | Snake:2  | Escaped the Abyss
 41869 | Snake:3  | Lost mutation: You have sharp toenails. [potion of
                  | mutation]
 41869 | Snake:3  | Gained mutation: Potions cannot restore your health.
                  | [potion of mutation]
 41869 | Snake:3  | Gained mutation: Your mind is acute. (Int +4, Str/Dex -1)
                  | [potion of mutation]
 41870 | Snake:3  | Lost mutation: Your mind is acute. (Int +4, Str/Dex -1)
                  | [potion of mutation]
 41870 | Snake:3  | Lost mutation: Potions cannot restore your health. [potion
                  | of mutation]
 41870 | Snake:3  | Gained mutation: You are agile. (Dex +4, Str/Int -1)
                  | [potion of mutation]
 42288 | Snake:3  | Found Ketaoron's Antique Armour Shoppe.
 42294 | Snake:3  | Found Elesoroy's Weapon Emporium.
 42526 | Orc:2    | Bought +2 fire dragon scales for 936 gold pieces
 42673 | D:14     | You paid a toll of +3 fire dragon scales to enter a
                  | treasure trove
 42674 | Trove    | Entered a treasure trove
 42676 | Trove    | Found the amulet of Vitality {RegenMP++ Regen++}
 42678 | Trove    | Identified the ring "Doiw" {^Drain rCorr Int+4}
 42706 | Trove    | Identified the ring "Otaong" {Fire Int+2}
 42707 | Trove    | Identified the amulet of Wuurav {Reflect rPois rC+++ Int+5
                  | Slay-6 SH+5}
 42710 | Trove    | Identified the amulet "Coqoiwem" {+Blink Regen+ Str+8 Int-2
                  | Stlth-}
 42711 | Trove    | Identified the ring "Cocvowuv" {EV+5 Int+4}
 42712 | Trove    | Identified the ring "Osoqa" {rPois AC+4 Str+5 Dex-5}
 42716 | Trove    | Identified the ring "Tet Heunk" {+Blink Fly}
 42924 | Elf:1    | Entered Level 1 of the Elven Halls
 43202 | Elf:1    | Got the Vellum of the Congregation
 43599 | Elf:1    | Offered knowledge of Plasma Beam by Vehumet.
 43788 | Elf:1    | Found Norha's Jewellery Emporium.
 44286 | Elf:2    | Found a runed translucent door.
 44287 | Elf:2    | Noticed Nogual's ghost (adept TeHu)
 44320 | Elf:2    | Killed Nogual's ghost
 44423 | Elf:2    | Reached XP level 18. HP: 143/160 MP: 36/36
 44461 | Elf:2    | Found a runed translucent gate.
 44462 | Elf:2    | Found a runed translucent gate.
 44462 | Elf:2    | Found a runed translucent gate.
 44612 | Elf:2    | Acquired 738 gold pieces
 44613 | Elf:2    | Acquired the +6 Majin-Bo {spellvamp, MP+6 Int+6}
 44613 | Elf:2    | Found the +6 Majin-Bo {spellvamp, MP+6 Int+6}
 44614 | Elf:2    | Acquired the +0 hat of the Ecumenical Temple {*Corrode
                  | +Blink Will++ Regen+}
 44712 | Elf:2    | Paralysed by an air elemental for 1 turns
 45084 | Elf:3    | Entered Level 3 of the Elven Halls
 45125 | Elf:3    | Found a radiant altar of Vehumet.
 45471 | Elf:3    | Paralysed by an air elemental for 1 turns
 45605 | Elf:3    | Found Apsassiaga's Weapon Shop.
 45639 | Elf:3    | Found a runed translucent door.
 45640 | Elf:3    | Noticed OdinFK's ghost (veteran AtBe)
 45696 | Elf:3    | Reached ****** piety under Vehumet
 45859 | Elf:3    | Identified the +8 falchion "Hacuklod" {heavy, rPois rF-
                  | Dex+3 SInv}
 45859 | Elf:3    | Identified the ring "Exuecro" {rElec rPois rF+ rN+}
 45891 | Elf:3    | Offered knowledge of Fire Storm by Vehumet.
 45891 | Elf:3    | Offered knowledge of Chain Lightning by Vehumet.
 45891 | Elf:3    | Offered knowledge of Polar Vortex by Vehumet.
 46307 | Elf:3    | Reached skill level 15 in Spellcasting
 46346 | Elf:3    | Got the Octavo of Lethal Toxicants
 46360 | Elf:3    | Got the Grimoire of the Missiles
 46361 | Elf:3    | Identified the +6 sling "Ogouff" {heavy, MP+9}
 46388 | Elf:3    | Identified the staff "Gulion" {rElec Will- rCorr Int+3
                  | Dex+2 Air}
 46391 | Elf:3    | Identified the +1 quarterstaff of In Flagrante Delicto
                  | {drain, rPois rF+}
 46906 | Elf:2    | Noticed Asterion
 46916 | Elf:2    | Killed Asterion
 46932 | Elf:2    | Noticed Jorgrun
 46935 | Elf:2    | Killed Jorgrun
 46936 | Elf:2    | Reached skill level 10 in Shields
 46950 | Elf:2    | Reached XP level 19. HP: 169/169 MP: 22/38
 46959 | Elf:2    | Reached skill level 15 in Evocations
 47008 | Elf:2    | Noticed Azrael
 47019 | Elf:2    | Killed Azrael
 47020 | Elf:2    | Reached skill level 15 in Fighting
 48002 | Snake:2  | Killed Mlioglotl
 48277 | Snake:2  | Found Zaumm's Armour Boutique.
 48281 | Snake:2  | Found Wawo's Distillery.
 48282 | Snake:2  | Found Giliz's Weapon Boutique.
 48287 | Snake:2  | Bought a potion of curing for 42 gold pieces
 48287 | Snake:2  | Bought a potion of heal wounds for 70 gold pieces
 48287 | Snake:2  | Bought a potion of magic for 112 gold pieces
 48287 | Snake:2  | Bought a potion of curing for 42 gold pieces
 48287 | Snake:2  | Bought a potion of brilliance for 56 gold pieces
 48745 | Snake:3  | Noticed Nikola
 48763 | Snake:3  | Killed Nikola
 48980 | Snake:3  | Identified the orb of Free Will {*channel, Int-2 Dex+2 SInv
                  | Air}
 49266 | Snake:3  | Identified the +2 cloak of Meanlif {Fly rN+ Will- Dex+9}
 49615 | Snake:4  | Entered Level 4 of the Snake Pit
 50918 | Snake:4  | Got a serpentine rune of Zot
 51174 | Snake:3  | Bought a glowing cloak for 315 gold pieces
 51184 | Snake:3  | Learned a level 9 spell: Fire Storm
 51402 | Vaults:1 | Entered Level 1 of the Vaults
 51577 | Vaults:1 | Reached XP level 20. HP: 180/180 MP: 21/40
 52279 | Vaults:1 | Reached skill level 15 in Conjurations
 52918 | Vaults:1 | Paralysed by a formless jellyfish for 1 turns
 53033 | Vaults:1 | Found Vegesku's Assorted Antiques.
 53831 | Vaults:1 | Bought a scroll of blinking for 262 gold pieces
 53831 | Vaults:1 | Bought a scroll of revelation for 262 gold pieces
 53943 | Vaults:2 | Noticed Donald
 53950 | Vaults:2 | Killed Donald
 54522 | Vaults:2 | Found a staircase to the Crypt.
 54522 | Vaults:2 | Found an ancient bone altar of Kikubaaqudgha.
 54523 | Vaults:2 | Found a basalt altar of Yredelemnul.
 54642 | Vaults:2 | Found a runed translucent gate.
 54642 | Vaults:2 | Found a runed translucent gate.
 54642 | Vaults:2 | Found a runed translucent gate.
 54643 | Vaults:2 | Noticed Geohix's ghost (adept KoDe)
 54653 | Vaults:2 | Killed Geohix's ghost
 54735 | Vaults:2 | Identified the +2 helmet of Twilight {Will+}
 54950 | Vaults:2 | Noticed Zenata
 54955 | Vaults:2 | Killed Zenata
 55089 | Vaults:2 | Noticed Margery
 55394 | Vaults:2 | Killed Margery
 56664 | Vaults:3 | Reached XP level 21. HP: 189/189 MP: 42/42
 56706 | Vaults:3 | Noticed Sojobo
 56709 | Vaults:3 | Paralysed by an air elemental for 1 turns
 56710 | Vaults:3 | Killed Sojobo
 57039 | Vaults:3 | Found Gozag's Antique Armour Shoppe.
 57094 | Vaults:3 | Found an opulent altar of Gozag.
 57094 | Vaults:3 | Found Gozag's Antique Weapon Shoppe.
 57097 | Vaults:3 | Bought a pair of dazzling gloves for 950 gold pieces
 57097 | Vaults:3 | Identified the +0 pair of gloves "Faimut" {-Tele rElec
                  | rCorr Stlth-} (You bought it in a shop on level 3 of the
                  | Vaults)
 57102 | Vaults:3 | Found Gozag's Assorted Antiques.
 58347 | Slime:1  | Entered Level 1 of the Pits of Slime
 58443 | Slime:1  | Found a viscous altar of Jiyva.
 60357 | Slime:3  | Found a viscous altar of Jiyva.
 60616 | Slime:5  | Entered Level 5 of the Pits of Slime
 60759 | Slime:5  | Noticed the Royal Jelly
 60763 | Slime:5  | Killed the Royal Jelly
 61048 | Slime:5  | Identified the +6 long sword of Departure {flame, ^Drain
                  | rN+++ Will+ Int+3}
 61063 | Slime:5  | Got a slimy rune of Zot
 61159 | Slime:5  | Identified the ring "Ithrehar" {rC+ MP+9 Dex+3}
 61166 | Slime:5  | Identified the +0 quarterstaff of Loseq {venom, rC+ MP+9}
 62191 | Vaults:4 | Found a crumbling gateway.
 62210 | Desolati | Entered the Desolation of Salt
 62344 | Desolati | Reached XP level 22. HP: 158/201 MP: 27/43
 62501 | Desolati | Identified the staff "Tormentor" {^Fragile Stlth+ Air
                  | Earth}
 62501 | Desolati | Identified the ring "Inefun" {Fly rC- EV+5 Str+2}
 62562 | Desolati | Identified the +1 pair of boots of Hubris {Rampage Will-
                  | Str+7 Dex+2}
 62566 | Desolati | Got the Quarto of the Wyrd
 62567 | Desolati | Identified the ring of Bextavaf {^Drain +Blink rElec rCorr}
 62789 | Desolati | Identified the ring "Diykkuzi" {rElec rPois Int+6 Dex-4
                  | SInv}
 62793 | Desolati | Identified the amulet "Imuki" {Acrobat +Blink Will+}
 62900 | Desolati | Identified the ring of Durhaes {Dex+6 Stlth+}
 63780 | Slime:3  | Gained mutation: Your body sometimes deteriorates upon
                  | taking damage. [a shining eye]
 64531 | Vaults:4 | Reached skill level 27 in Fire Magic
 64976 | Vaults:4 | Found Nedetyeso's Armour Emporium.
 65800 | Depths:1 | Entered Level 1 of the Depths
 65837 | Depths:1 | Found a glowing golden altar of the Shining One.
 66056 | Depths:1 | Found a one-way gate to the infinite horrors of the Abyss.
 66354 | Depths:1 | Found a gateway to Hell.
 67293 | Depths:2 | Reached XP level 23. HP: 213/213 MP: 33/45
 67474 | Depths:2 | Found a one-way gate leading to the halls of Pandemonium.
 67707 | Depths:2 | Found Feusesch's Magic Scroll Boutique.
 67710 | Depths:2 | Bought a scroll of fog for 76 gold pieces
 67710 | Depths:2 | Bought a scroll of fear for 76 gold pieces
 67710 | Depths:2 | Bought a scroll of teleportation for 57 gold pieces
 67710 | Depths:2 | Bought a scroll of teleportation for 57 gold pieces
 67710 | Depths:2 | Bought a scroll of teleportation for 57 gold pieces
 68234 | Hell     | Entered the Vestibule of Hell
 68234 | Hell     | Noticed Geryon
 68610 | Depths:3 | Found a transporter.
 68652 | Depths:3 | Found a one-way gateway to a ziggurat.
 68788 | Depths:3 | Found a transporter.
 69396 | Depths:3 | Identified the ring "Jezeo" {rC+ SInv}
 69422 | Depths:3 | Identified the ring "Cerippau" {rPois MP+9 Int+6 Dex-5}
 69439 | Depths:3 | Identified the ring of Zeck {rC+ Str+6 Dex+4}
 69471 | Depths:4 | Entered Level 4 of the Depths
 69579 | Depths:4 | Gained mutation: You are weak. (Str -2) [mutagenic glow]
 69855 | Depths:4 | Noticed a juggernaut
 69860 | Depths:4 | Killed a juggernaut
 69864 | Depths:4 | Identified the +1 quarterstaff of Foub {heavy, *Noise rElec
                  | Int+4}
 69900 | Depths:4 | Noticed an ancient lich
 69903 | Depths:4 | Killed an ancient lich
 69962 | Depths:4 | Got the Annotations on Cold Chemistry
 70044 | Depths:4 | Identified the +2 robe "Kipsot" {rN++}
 70059 | Depths:4 | Reached XP level 24. HP: 226/226 MP: 39/47
 70395 | Depths:4 | Found a gate to the Realm of Zot.
 71080 | Vaults:5 | Entered Level 5 of the Vaults
 71226 | Vaults:5 | Learned a level 7 spell: Orb of Destruction
 71410 | Vaults:5 | Noticed an ancient lich
 71413 | Vaults:5 | Killed an ancient lich
 71513 | Vaults:5 | Identified the +6 trident "Imuzxyaj" {protect, rPois SInv}
 71600 | Vaults:5 | Identified the ring "Xunot" {EV+5 Int+5 Stlth+}
 71601 | Vaults:5 | Identified the amulet "Ryuc" {Reflect rElec rN+ Slay+3
                  | SH+5}
 71614 | Vaults:5 | Got a silver rune of Zot
 71691 | Vaults:5 | Noticed an ancient lich
 71698 | Vaults:5 | Killed an ancient lich
 72980 | Hell     | Noticed Murray
 73155 | Depths:1 | Reached XP level 25. HP: 237/240 MP: 45/48
 73358 | Depths:2 | Killed Murray
 73361 | Depths:2 | Gained mutation: You do not regenerate when monsters are
                  | visible. [mutagenic glow]
 73476 | Hell     | Killed Geryon
 73728 | Hell     | Found a gateway to the decaying netherworld of Tartarus.
 73851 | Hell     | Found a gateway to the ashen valley of Gehenna.
 73945 | Hell     | Found a gateway to the freezing wastes of Cocytus.
 74108 | Hell     | Found a gateway to the Iron City of Dis.
 74390 | Crypt:1  | Entered Level 1 of the Crypt
 74478 | Crypt:1  | Reached skill level 10 in Staves
 75213 | Crypt:1  | Found an ancient bone altar of Kikubaaqudgha.
 76147 | Crypt:2  | Found a runed translucent door.
 76147 | Crypt:2  | Found a shimmering altar of Xom.
 76147 | Crypt:2  | Noticed Osipn's ghost (veteran MiGl)
 76298 | Crypt:3  | Entered Level 3 of the Crypt
 76501 | Crypt:3  | Found a basalt altar of Yredelemnul.
 76825 | Crypt:3  | Reached XP level 26. HP: 220/254 MP: 47/48
 77217 | Crypt:3  | Found a staircase to the Tomb.
 78234 | Elf:3    | Gained mutation: Your magical capacity is low. (-10% MP)
                  | [mutagenic glow]
 78308 | Elf:3    | Killed OdinFK's ghost
 78715 | Tar:1    | Entered Level 1 of Tartarus
 78976 | Coc:1    | Entered Level 1 of Cocytus
 79487 | Hell     | Lost mutation: You are weak. (Str -2) [potion of mutation]
 79487 | Hell     | Lost mutation: Your magical capacity is low. (-10% MP)
                  | [potion of mutation]
 79487 | Hell     | Gained mutation: Your mind is acute. (Int +4, Str/Dex -1)
                  | [potion of mutation]
 79487 | Hell     | Gained mutation: Your flesh is very heat resistant. (rF++)
                  | [potion of mutation]
 79488 | Hell     | Lost mutation: Your body sometimes deteriorates upon taking
                  | damage. [potion of mutation]
 79488 | Hell     | Lost mutation: Your mind is acute. (Int +4, Str/Dex -1)
                  | [potion of mutation]
 79488 | Hell     | Gained mutation: Your tail ends in a venomous barb. [potion
                  | of mutation]
 79488 | Hell     | Lost mutation: You are agile. (Dex +4, Str/Int -1) [potion
                  | of mutation]
 79489 | Hell     | Lost mutation: Your tail ends in a venomous barb. [potion
                  | of mutation]
 79489 | Hell     | Lost mutation: You do not regenerate when monsters are
                  | visible. [potion of mutation]
 79489 | Hell     | Gained mutation: You sometimes lose your temper in combat.
                  | [potion of mutation]
 79489 | Hell     | Gained mutation: You have a pair of small antennae on your
                  | head. [potion of mutation]
 79490 | Hell     | Lost mutation: You have a pair of small antennae on your
                  | head. [potion of mutation]
 79490 | Hell     | Lost mutation: You sometimes lose your temper in combat.
                  | [potion of mutation]
 79490 | Hell     | Lost mutation: Your flesh is very heat resistant. (rF++)
                  | [potion of mutation]
 79490 | Hell     | Gained mutation: You expend magic power (3 MP) to
                  | strengthen your wands. [potion of mutation]
 79490 | Hell     | Gained mutation: Your spells are a little harder to cast,
                  | but a little more powerful. [potion of mutation]
 79490 | Hell     | Gained mutation: You are frail. (-10% HP) [potion of
                  | mutation]
 79600 | Zot:1    | Entered Level 1 of the Realm of Zot
 79604 | Zot:1    | Identified the +5 spear of Uskayaw's Delight {flame, rC++
                  | Int+2}
 79939 | Zot:1    | Lost mutation: You expend magic power (3 MP) to strengthen
                  | your wands. [potion of mutation]
 79939 | Zot:1    | Lost mutation: You are frail. (-10% HP) [potion of
                  | mutation]
 79939 | Zot:1    | Lost mutation: Your spells are a little harder to cast, but
                  | a little more powerful. [potion of mutation]
 79939 | Zot:1    | Gained mutation: You have sharp fingernails. [potion of
                  | mutation]
 80369 | Zot:1    | Found the +3 giant club "Skullcrusher" {speed, Str+7}
 83224 | Zot:3    | Reached XP level 27. HP: 264/269 MP: 42/49
 84056 | Zot:4    | Found a runed translucent door.
 84056 | Zot:4    | Noticed Heisao's ghost (legendary TrBe)
 84933 | Zot:5    | Entered Level 5 of the Realm of Zot
 84942 | Zot:5    | Found a huge runed translucent gate.
 84942 | Zot:5    | Found a huge runed translucent gate.
 84942 | Zot:5    | Found a huge runed translucent gate.
 84942 | Zot:5    | Found a huge runed translucent gate.
 84942 | Zot:5    | Found a huge runed translucent gate.
 84942 | Zot:5    | Found a huge runed translucent gate.
 84943 | Zot:5    | Found a huge runed translucent gate.
 84943 | Zot:5    | Found a huge runed translucent gate.
 84943 | Zot:5    | Found a huge runed translucent gate.
 84943 | Zot:5    | Found a huge runed translucent gate.
 84943 | Zot:5    | Found a huge runed translucent gate.
 84944 | Zot:5    | Found a huge runed translucent gate.
 84944 | Zot:5    | Found a huge runed translucent gate.
 84945 | Zot:5    | Found a huge runed translucent gate.
 84946 | Zot:5    | Found a huge runed translucent gate.
 84946 | Zot:5    | Found a huge runed translucent gate.
 84948 | Zot:5    | Found a huge runed translucent gate.
 84962 | Zot:5    | Found a huge runed translucent gate.
 84962 | Zot:5    | Found a huge runed translucent gate.
 84962 | Zot:5    | Found a huge runed translucent gate.
 84962 | Zot:5    | Found a huge runed translucent gate.
 84965 | Zot:5    | Found a huge runed translucent gate.
 84966 | Zot:5    | Found a huge runed translucent gate.
 84967 | Zot:5    | Found a huge runed translucent gate.
 84967 | Zot:5    | Found a huge runed translucent gate.
 84972 | Zot:5    | Found a huge runed translucent gate.
 84973 | Zot:5    | Found a huge runed translucent gate.
 84974 | Zot:5    | Found a huge runed translucent gate.
 84974 | Zot:5    | Found a huge runed translucent gate.
 84975 | Zot:5    | Found a huge runed translucent gate.
 84976 | Zot:5    | Found a huge runed translucent gate.
 84977 | Zot:5    | Found a huge runed translucent gate.
 84978 | Zot:5    | Found a huge runed translucent gate.
 84978 | Zot:5    | Found a huge runed translucent gate.
 84984 | Zot:5    | Found the ring of the Hare {EV+10}
 84984 | Zot:5    | Noticed an ancient lich
 84984 | Zot:5    | Noticed an orb of fire
 84987 | Zot:5    | Killed an ancient lich
 84994 | Zot:5    | Gained mutation: You are dopey. (Int -2) [an orb of fire]
 84995 | Zot:5    | Killed an orb of fire
 85906 | Zot:5    | Noticed an ancient lich
 85910 | Zot:5    | Killed an ancient lich
 85915 | Zot:5    | Reached skill level 27 in Fighting
 85921 | Zot:5    | Noticed an ancient lich
 85922 | Zot:5    | Noticed an orb of fire
 85925 | Zot:5    | Killed an ancient lich
 85928 | Zot:5    | Killed an orb of fire
 85942 | Zot:5    | Noticed an orb of fire
 85947 | Zot:5    | Gained mutation: Your muscles are strong. (Str +4, Int/Dex
                  | -1) [an orb of fire]
 85951 | Zot:5    | Killed an orb of fire
 86002 | Zot:5    | Noticed an ancient lich
 86002 | Zot:5    | Noticed an orb of fire
 86015 | Zot:5    | Gained mutation: You sometimes lose your temper in combat.
                  | [an orb of fire]
 86017 | Zot:5    | Killed an orb of fire
 86152 | Zot:5    | Noticed a dread lich
 86156 | Zot:5    | Killed a dread lich
 86159 | Zot:5    | Noticed an ancient lich
 86164 | Zot:5    | Killed an ancient lich
 86263 | Zot:5    | Noticed an ancient lich
 86269 | Zot:5    | Killed an ancient lich
 86318 | Zot:5    | Noticed an orb of fire
 86320 | Zot:5    | Noticed a dread lich
 86324 | Zot:5    | Killed a dread lich
 86324 | Zot:5    | Killed an orb of fire
 86325 | Zot:5    | Reached skill level 15 in Staves
 86333 | Zot:5    | Noticed an orb of fire
 86336 | Zot:5    | Killed an orb of fire
 86490 | Zot:5    | Noticed an orb of fire
 86496 | Zot:5    | Gained mutation: You are very dopey. (Int -4) [an orb of
                  | fire]
 86498 | Zot:5    | Killed an orb of fire
 86579 | Zot:5    | Noticed an ancient lich
 86581 | Zot:5    | Killed an ancient lich
 86581 | Zot:5    | Killed an ancient lich
 86616 | Zot:5    | Noticed an ancient lich
 86619 | Zot:5    | Killed an ancient lich
 86621 | Zot:5    | Noticed a dread lich
 86623 | Zot:5    | Killed a dread lich
 87211 | Tomb:1   | Entered Level 1 of the Tomb of the Ancients
 88671 | Tomb:1   | Noticed a royal mummy
 88673 | Tomb:1   | Killed a royal mummy
 88951 | Tomb:1   | Noticed a royal mummy
 88954 | Tomb:1   | Killed a royal mummy
 89325 | Tomb:2   | Noticed a royal mummy
 89325 | Tomb:2   | Noticed a royal mummy
 89325 | Tomb:2   | Noticed a royal mummy
 89326 | Tomb:2   | Noticed a royal mummy
 89331 | Tomb:2   | Noticed a royal mummy
 89346 | Tomb:2   | Killed a royal mummy
 89346 | Tomb:2   | Killed a royal mummy
 89346 | Tomb:2   | Killed a royal mummy
 89351 | Tomb:2   | Killed a royal mummy
 89354 | Tomb:2   | Killed a royal mummy
 89857 | Tomb:1   | Noticed a royal mummy
 89857 | Tomb:1   | Noticed a royal mummy
 89861 | Tomb:1   | Killed a royal mummy
 89862 | Tomb:1   | Killed a royal mummy
 89870 | Tomb:1   | Noticed a royal mummy
 89870 | Tomb:1   | Noticed a royal mummy
 89872 | Tomb:1   | Killed a royal mummy
 89872 | Tomb:1   | Noticed a royal mummy
 89872 | Tomb:1   | Killed a royal mummy
 89873 | Tomb:1   | Noticed a royal mummy
 89877 | Tomb:1   | Killed a royal mummy
 89878 | Tomb:1   | Killed a royal mummy
 89935 | Tomb:1   | Noticed a royal mummy
 89939 | Tomb:1   | Killed a royal mummy
 89963 | Tomb:1   | Noticed a royal mummy
 89970 | Tomb:1   | Killed a royal mummy
 90024 | Tomb:1   | Noticed a royal mummy
 90027 | Tomb:1   | Killed a royal mummy
 90049 | Tomb:1   | Noticed a royal mummy
 90051 | Tomb:1   | Killed a royal mummy
 90128 | Tomb:1   | Noticed a royal mummy
 90131 | Tomb:1   | Killed a royal mummy
 90131 | Tomb:1   | Noticed a royal mummy
 90144 | Tomb:1   | Killed a royal mummy
 90149 | Tomb:1   | Noticed a royal mummy
 90152 | Tomb:1   | Killed a royal mummy
 90197 | Tomb:1   | Noticed a royal mummy
 90200 | Tomb:1   | Killed a royal mummy
 90215 | Tomb:1   | Noticed a royal mummy
 90217 | Tomb:1   | Killed a royal mummy
 90291 | Tomb:1   | Noticed a royal mummy
 90300 | Tomb:1   | Killed a royal mummy
 90326 | Tomb:1   | Noticed a royal mummy
 90329 | Tomb:1   | Killed a royal mummy
 90634 | Tomb:2   | Gained mutation: Your magical capacity is low. (-10% MP)
                  | [mutagenic glow]
 90645 | Tomb:2   | Gained mutation: You have hidden genetic defects.
                  | [mutagenic glow]
 90661 | Tomb:2   | Gained mutation: You are covered in fur. (AC +1) [mutagenic
                  | glow]
 90731 | Tomb:3   | Entered Level 3 of the Tomb of the Ancients
 90748 | Tomb:3   | Noticed a royal mummy
 90751 | Tomb:3   | Killed a royal mummy
 90754 | Tomb:3   | Noticed a royal mummy
 90756 | Tomb:3   | Killed a royal mummy
 90756 | Tomb:3   | Noticed a royal mummy
 90760 | Tomb:3   | Killed a royal mummy
 90761 | Tomb:3   | Noticed a royal mummy
 90761 | Tomb:3   | Gained mutation: You are frail. (-10% HP) [hidden defects]
 90764 | Tomb:3   | Killed a royal mummy
 90812 | Tomb:3   | Noticed a royal mummy
 90814 | Tomb:3   | Killed a royal mummy
 90819 | Tomb:3   | Noticed a royal mummy
 90822 | Tomb:3   | Killed a royal mummy
 90851 | Tomb:3   | Noticed a royal mummy
 90857 | Tomb:3   | Killed a royal mummy
 90919 | Tomb:3   | Identified the +8 morningstar "Kueracec" {freeze, rF+ rC+}
 90974 | Tomb:3   | Identified the staff "Killer Bee's Doom" {rElec Stlth+ Air}
 90977 | Tomb:3   | Identified the +7 sling of the Exiled Curses {flame, rPois
                  | SInv}
 90995 | Tomb:3   | Identified the amulet of Geth {Reflect rC+++ Regen+ Str+7
                  | Int-4 SH+5}
 90997 | Tomb:3   | Got the Directory of Exothermic Corpses
 91044 | Tomb:3   | Noticed a royal mummy
 91047 | Tomb:3   | Killed a royal mummy
 91094 | Tomb:3   | Got a golden rune of Zot
 91264 | Tomb:3   | Identified the +12 short sword of Immorality {venom, rN+
                  | Will+ Str+2}
 91266 | Tomb:3   | Got the Guide on Caustic Glaciation
 91636 | Crypt:2  | Killed Osipn's ghost
 91638 | Crypt:2  | Lost mutation: Your muscles are strong. (Str +4, Int/Dex
                  | -1) [mutagenic glow]
 92062 | Zot:4    | Lost mutation: You are covered in fur. (AC +1) [potion of
                  | mutation]
 92062 | Zot:4    | Lost mutation: You have sharp fingernails. [potion of
                  | mutation]
 92062 | Zot:4    | Lost mutation: You are very dopey. (Int -4) [potion of
                  | mutation]
 92062 | Zot:4    | Gained mutation: You expend magic power (3 MP) to
                  | strengthen your wands. [potion of mutation]
 92891 | Zot:5    | Got the Orb of Zot
 93625 | D:$      | Escaped with the Orb!

Illustrated notes

Levels and vault maps discovered:
D:1:      moated_graveyard_arrival, layout_basic,
          chequers_serial_rivers_micro_d, minivault_11, dk_noncrumbling_3
D:2:      minmay_chambers_of_ones, layout_loops_ring, st_stairs_4
D:3:      layout_rooms, general_overflow_altar, minmay_surrounded, uniq_pargi
D:4:      layout_loops_ring
D:5:      layout_gridville, mainiacjoe_overflow_concentric_impassable
D:6:      layout_basic, makhleb_altar_promises_db, kennysheep_cross_room
D:7:      layout_loops_ring, temple_fountains, uniq_jeremiah
D:8:      layout_basic, uniq_erica, uniq_joseph
D:9:      layout_roguey
D:10:     layout_roguey, lemuel_tele_altar,
          kennysheep_orc_monster_closet_entryway,
          hellmonk_ghost_happy_afterlife, uniq_fannar, uniq_urug
D:11:     layout_small_grid, minmay_lair_entry_grove
D:12:     layout_rooms, serial_rivers, chequers_serial_rivers_micro_b,
          chequers_serial_rivers_marsh, chequers_serial_rivers_micro_b,
          chequers_serial_rivers_micro_e, chequers_serial_rivers_small_a,
          chequers_serial_rivers_micro_a
D:13:     layout_irregular_city, david_vaults_4, gauntlet_entry_generic,
          serial_park_tiny_pond
D:14:     layout_roguey, kennysheep_doodads, enter_trove_1,
          nicolae_shop_fire_sale [nicolae_sub_dead_trees]
D:15:     gammafunk_depths_entry_grave, layout_basic, minmay_curled_crystal,
          uniq_josephine, uniq_agnes
Temple:   regret_index_temple_mists
Lair:1:   layout_gridlike, grunt_megastairs_5, uniq_grum, uniq_harold
Lair:2:   layout_regular_city, minmay_swamp_entry_reptiles,
          infiniplex_staircase_pool_2, grunt_megastairs_3
Lair:3:   layout_hall_layers, nicolae_snake_entry_warm_welcome
Lair:4:   gammafunk_indiana_jones, layout_small_grid, dpeg_slime_entry_enclosed,
          uniq_nessos
Lair:5:   grunt_lair_end_beastmaster, layout_gridlike, grunt_megastairs_1
Swamp:1:  layout_basic_swamp, evilmike_swamp_ruin_house_6, uniq_frances
Swamp:2:  layout_basic_swamp, nicolae_swamp_well_well_well,
          infiniplex_staircase_pool
Swamp:3:  layout_basic_swamp, serial_swamp_ruin, evilmike_swamp_ruin_house_3,
          evilmike_swamp_ruin_rubble_2, evilmike_swamp_ruin_house_1,
          swamp_pool_1_2
Swamp:4:  swamp_old_school, layout_basic_swamp, nicolae_swamp_tree_isthmus,
          uniq_bai_suzhen
Snake:1:  layout_rooms, serial_bayou_shore_b, serial_bayou_shore_a, uniq_aizul
Snake:2:  layout_chambers, minmay_shop_star, uniq_mlioglotl
Snake:3:  layout_misc_corridors, minmay_shoptagon, serial_bayou_shore_b,
          uniq_nikola
Snake:4:  snake_pit, layout_layer_cave
Slime:1:  nicolae_slime_pool, layout_caves, basic_altar
Slime:2:  cheibrodos_slime_lost_civilization_8, layout_caves
Slime:3:  layout_caves, basic_altar, nicolae_slime_rock_hall_of_fame
Slime:4:  layout_caves, cheibrodos_slime_lost_civilization_5
Slime:5:  slime_pit_nicolae_jellycorners
Orc:1:    layout_caves, portal_ice_cave_rime, basic_altar,
          nicolae_shop_vocational
Orc:2:    st_orc_ogre_mass, layout_caves, uniq_erolcha, uniq_maurice
Elf:1:    layout_onion_city, serial_shops, shop,
          hangedman_elven_crosses_minicolossus, minmay_elf_demonology
Elf:2:    nicolae_elf_blades_crystal_corner, layout_gridlike,
          gammafunk_ghost_grave, uniq_asterion, uniq_azrael, uniq_jorgrun
Elf:3:    elf_hall, layout_loops_corners, serial_shops, shop, basic_altar,
          gammafunk_ghost_grave, st_stairs_5
Vaults:1: nicolae_vaults_shrinking_rooms_1, nicolae_vaults_angled_halls,
          nicolae_vaults_ring_of_whatevers, v_rooms_5,
          nicolae_vaults_hallways_thing, nicolae_vaults_storage_room_water,
          vaults_mumra_chevron_long, nicolae_vaults_big_angled_halls,
          hangedman_vaults_nails, nicolae_vaults_tetromino_T_1, v_misc_27,
          v_alt_pattern_5, nicolae_vaults_ellipses_ellipsis,
          vaults_room_stairs_pillars, nicolae_vaults_tetromino_Z_2,
          layout_vaults_maze_snakey, serial_shops, nicolae_shop_gibbet_a_chance
Vaults:2: gammafunk_ghost_spectres, minmay_crypt_entry_necro_gods,
          kennysheep_ogre_elephant_herders, v_misc_29, v_rooms_6,
          layout_vaults_omnigrid, uniq_donald, uniq_zenata, uniq_margery
Vaults:3: vaults_mumra_hexcomb, kennysheep_vaults_gozag_temple,
          nicolae_vaults_network_barrier, ontoclasm_vaults_chip,
          vaults_room_grunt_arrival_ludios, vaults_room_fancy_cross,
          nicolae_vaults_stepped_doors, v_alt_pattern_2,
          nicolae_vaults_variable_pillar_hall, vaults_room_grid,
          ontoclasm_vaults_pinch, vaults_room_large_hall,
          nicolae_vaults_trapezoid_2, vaults_dpeg_encased_lava,
          ontoclasm_vaults_twist, layout_vaults_omnibox, uniq_sojobo
Vaults:4: portal_desolation_entry_twin_temple, grunt_vaults_diagonal,
          nicolae_vaults_big_ls, v_misc_9, vaults_room_corners,
          nicolae_vaults_three_branches, v_misc_4,
          nicolae_vaults_oval_intersection, v_alt_pattern_2,
          nicolae_vaults_tetromino_Z_1, ontoclasm_vaults_shuriken,
          layout_vaults_big_cross, serial_shops,
          nicolae_shop_pleasant_corner_grove
Vaults:5
Crypt:1:  layout_chaotic_city, basic_altar, lemuel_freeze_loot_1,
          lemuel_upstairs_altar, grunt_crypt_arrival_split, uniq_grunn
Crypt:2:  layout_gridlike, ebering_ghost_xom
Crypt:3:  evilmike_haunted_forest
Tomb:1
Tomb:2
Tomb:3
Depths:1: layout_honeycomb, abyss_entry, tso_metal_star,
          grunt_hell_entry_dis_grunt, minmay_checkered_concentric_circles
Depths:2: gammafunk_mikee_crab_dinner, layout_gridville, serial_shops, shop,
          rand_demon_pan_entry_9, hell_entry, st_stairs_7,
          kennysheep_flooded_box, grunt_ministairs_2, minmay_crystal_water
Depths:3: gammafunk_dig_for_victory, layout_cave_pools, enter_ziggurat_f,
          abyss_entry, hellmouth_1, serial_rivers,
          chequers_serial_rivers_small_b, chequers_serial_rivers_small_b,
          chequers_serial_rivers_small_3, chequers_serial_rivers_micro_e,
          hangedman_decor_points
Depths:4: hangedman_pleasuredromes, serial_shops, abyss_entry, hell_entry
Hell
Coc:1:    layout_cocytus_water_paths
Coc:2:    layout_ice_bergs
Tar:1:    layout_cathedral_of_symmetry, nicolae_tar_honey_rotating
Zot:1:    lemuel_acid_trip, layout_concentric_octagons,
          hangedman_zot_decor_scrapings, regret_index_zotdec_wing_it,
          regret_index_zotdec_onion_hex, lemuel_baited_zot_trap,
          st_small_dragon_hoard_4, uniq_josephina
Zot:2:    layout_gridlike, zot_minivault_4, regret_index_zotdec_banners
Zot:3:    layout_twisted_circle, bh_zot_levy_curve, uniq_parghit
Zot:4:    layout_gridlike, gammafunk_ghost_grave,
          regret_index_zotdec_twisting_globes
Zot:5:    layout_gridlike, grunt_ministairs_9, door_vault

Skill      XL: |  1  2  3  4  5  6  7  8  9 10 11 12 13 14 15 16 17 18 19 20 21 22 23 24 25 26 27 |
---------------+----------------------------------------------------------------------------------+-----
Stealth        | 2 |  2.0
Dodging        | 2 |  2.0
Conjurations   | 2 3 4 5 6 7 8 9 10 11 12 13 14 15 16 17 19 20 21 22 25 | 25.5
Spellcasting   | 3 4 5 6 7 8 9 10 11 12 14 15 16 17 18 20 21 22 25 | 25.1
Fire Magic     | 4 6 7 9 11 12 13 15 16 17 18 20 21 22 23 24 26 27 | 27.0
Fighting       | 2 4 5 7 8 9 10 11 12 13 14 15 16 17 19 20 22 24 26 27 | 27.0
Staves         | 3 5 6 7 8 9 11 13 18 | 18.7
Evocations     | 3 4 6 7 8 10 12 13 14 15 16 17 | 17.0
Alchemy        | 2 4 6 7 |  7.0
Shields        | 3 5 7 8 10 | 10.1

Action                     |  1- 3 |  4- 6 |  7- 9 | 10-12 | 13-15 | 16-18 | 19-21 | 22-24 | 25-27 || total
---------------------------+-------+-------+-------+-------+-------+-------+-------+-------+-------++-------
  Melee: Unarmed           |    18 |       |     5 |       |       |       |       |       |       ||    23
         Mace              |    17 |    26 |     7 |       |       |       |       |       |       ||    50
         Tailslap          |     1 |     3 |     6 |     7 |    20 |    18 |    25 |    20 |    43 ||   143
         Punch             |       |     1 |       |     1 |     1 |       |       |       |       ||     3
         War axe           |       |       |    38 |       |       |       |       |       |       ||    38
         Staff             |       |       |       |    27 |    55 |    11 |       |       |       ||    93
         Kick              |       |       |       |       |    16 |       |       |       |       ||    16
         Lance             |       |       |       |       |       |    54 |       |       |       ||    54
         Bo                |       |       |       |       |       |     4 |    72 |    68 |    86 ||   230
         Long sword        |       |       |       |       |       |       |       |       |    19 ||    19
  Throw: Dart              |       |       |       |       |     1 |       |       |       |       ||     1
   Cast: Foxfire           |   103 |    87 |    89 |   154 |   272 |   281 |   218 |    38 |    59 ||  1301
         Scorch            |       |    14 |    40 |    88 |   246 |   270 |   227 |    68 |   128 ||  1081
         Inner Flame       |       |       |    43 |    95 |   188 |   168 |   184 |    20 |    40 ||   738
         Flame Wave        |       |       |       |    24 |    43 |    29 |    12 |    12 |    22 ||   142
         Irradiate         |       |       |       |    12 |    27 |    59 |    30 |    43 |    53 ||   224
         Searing Ray       |       |       |       |       |    18 |    29 |    35 |    14 |    13 ||   109
         Ignition          |       |       |       |       |    44 |    74 |   174 |    96 |   122 ||   510
         Iskenderun's Batt |       |       |       |       |     5 |    19 |    20 |     7 |    15 ||    66
         Fire Storm        |       |       |       |       |       |       |    86 |   286 |   561 ||   933
         Yara's Violent Un |       |       |       |       |       |       |     4 |       |     4 ||     8
         Orb of Destructio |       |       |       |       |       |       |       |     5 |    60 ||    65
Ability: Breathe Fire      |       |       |     8 |     3 |     2 |     1 |     2 |       |     1 ||    17
  Evoke: Wand              |       |       |       |     1 |     2 |       |     1 |     4 |     3 ||    11
    Use: Scroll            |       |       |     5 |     9 |    17 |    17 |     8 |     2 |     7 ||    65
         Potion            |       |       |       |     1 |       |     8 |       |     2 |    21 ||    32
   Stab: Sleeping          |       |       |       |       |       |       |       |       |     1 ||     1
 Armour: Skin              |    47 |    87 |   109 |   158 |   333 |   379 |   296 |   205 |   388 ||  2002
  Dodge: Dodged            |    49 |    73 |    84 |   259 |   203 |    93 |    75 |    52 |   110 ||   998
  Block: Kite shield       |       |       |       |       |    41 |   302 |   318 |   180 |   289 ||  1130
         Reflection        |       |       |       |       |       |     1 |    46 |       |       ||    47
